 Dungeon Crawl Stone Soup version 0.28.0-53-g5a82cb258f (console) character file.

Game seed: 9153431994103493068

3969 Banquo the Thaumaturge (level 10, -10/72 HPs)
             Began as a Djinni Venom Mage on May 21, 2022.
             Mangled by a thrashing horror (12 damage)
             ... on level 2 of the Abyss.
             The game lasted 00:46:33 (14644 turns).

Banquo the Thaumaturge (Djinni Venom Mage)         Turns: 14644, Time: 00:46:33

Health: -10/72     AC:  6    Str:  7    XL:     10   Next: 45%
Gold:   336        EV: 14    Int: 24    God:
                   SH:  4    Dex: 13

rFire   + + .      SeeInvis .   a - +6 dagger {flame, rPois Int+2 Stlth+}
rCold   x . .      Faith    .   i - +0 buckler
rNeg    . . .      Spirit   .   j - +0 robe {Will+}
rPois   ∞          Reflect  .   h - +2 helmet
rElec   .          Harm     .   e - +0 cloak
rCorr   .          Rampage  .   (no gloves)
Will    ++...                   (boots unavailable)
Stlth   +++.......              (no amulet)
HPRegen 0.22/turn               (no ring)
MPRegen 0.00/turn               (no ring)

@: mighty, brilliant, flying
A: sickness immunity, fire resistance 2, cold vulnerability 1, float, innate
caster, HP casting, extra vitality 1
a: no special abilities


You were on level 2 of the Abyss.
You visited 2 branches of the dungeon, and saw 10 of its levels.
You visited the Abyss 1 time.
You also visited: Ossuary.

You collected 410 gold pieces.
You spent 74 gold pieces at shops.

Inventory:

Hand Weapons
 a - the +6 dagger "Earthworm" (weapon) {flame, rPois Int+2 Stlth+}
   (You took it off an orc on level 7 of the Dungeon)

   It burns those it strikes, dealing additional fire damage.
   Int:       It affects your intelligence (+2).
   rPois:     It protects you from poison.
   Stlth:     It makes you more stealthy.
 b - a +2 vorpal spear
 n - a +1 rapier of draining
 r - a +0 whip of electrocution
 v - a +1 whip of venom
 y - a +3 hand axe
 H - the +8 hunting sling "Impbane" {flame, Fly Will+}
   (You found it on level 5 of the Dungeon)

   Any ammunition fired from it burns those it strikes, dealing additional fire
   damage.
   Fly:       It grants you flight.
   Will:      It increases your willpower.
Missiles
 f - 311 stones
 k - 48 sling bullets
 s - 11 boomerangs
 P - 3 silver boomerangs
Armour
 e - a +0 cloak (worn)
 h - a +2 helmet (worn)
 i - a +0 buckler (worn)
 j - a +0 robe of willpower (worn)
Jewellery
 D - an amulet of faith
Wands
 c - a wand of charming (8)
 g - a wand of iceblast (10)
 E - a wand of polymorph (7)
 S - a wand of flame (24)
Scrolls
 d - 3 scrolls of blinking
 l - 2 scrolls of summoning
 o - 2 scrolls of amnesia {unknown}
 q - 2 scrolls of enchant weapon {unknown}
 u - a scroll of noise {unknown}
 w - a scroll of magic mapping {unknown}
 x - 2 scrolls of teleportation {unknown}
 B - 4 scrolls of fog
 G - a scroll of torment {unknown}
 K - a scroll of silence {unknown}
 O - a scroll of enchant armour {unknown}
Potions
 p - a potion of curing
 z - 4 potions of heal wounds {unknown}
 C - 3 potions of resistance
 F - a potion of mutation {unknown}
 I - a potion of cancellation {unknown}
 J - a potion of might
 L - a potion of experience {unknown}
 R - a potion of lignification


   Skills:
 * Level 5.7 Fighting
 * Level 7.6 Dodging
 - Level 1.5 Stealth
 * Level 1.6 Shields
 + Level 9.0 Spellcasting


You had 9 spell levels left.
You knew the following spells:

 Your Spells              Type           Power      Damage    Failure   Level
a - Magic Dart            Conj           100%       1d8       1%          1
b - Sting                 Tmut/Pois      100%       1d8       1%          1
c - Mephitic Cloud        Conj/Pois/Air  69%        N/A       1%          3
d - Inner Flame           Hex/Fire       69%        N/A       1%          3
p - Passwall              Tmut/Erth      57%        N/A       1%          2
z - Poisonous Vapours     Pois/Air       100%       N/A       1%          2
B - Blink                 Tloc           100%       N/A       1%          2
O - Olgreb's Toxic Radia  Pois           69%        N/A       1%          4
Your spell library was empty.

Dungeon Overview and Level Annotations

Branches:
Dungeon (9/15)             Temple (1/1) D:7         Ossuary (visited)
   Lair: D:8-11         Orc: D:9-12

Altars:
Ashenzari
Cheibriados
Dithmenos
Elyvilon
Fedhas
Gozag
Hepliaklqana
Kikubaaqudgha
Makhleb
Nemelex Xobeh
Okawaru
Qazlal
Ru
Sif Muna
Trog
Uskayaw
Vehumet
Wu Jian
Xom
Yredelemnul
Zin
The Shining One

Shops:
D:3 *   D:8 *

Annotations:
D:8 3 runed translucent doors, drbro's ghost, novice FoFi


Innate Abilities, Weirdness & Mutations

You are immune to sickness and miasma.
You are immune to poison.
Your flesh is very heat resistant. (rF++)
You are vulnerable to cold. (rC-)
You float through the air rather than walking.
You learn spells naturally, not from books.
Your magical power is your life essence.
You have superior vitality. (+4 MHP)


Message History

* * * LOW HITPOINT WARNING * * *
You hold your ground!
You hit the thrashing horror.
The thrashing horror is severely damaged.
The thrashing horror completely misses you.
The thrashing horror barely misses you. The thrashing horror tramples you.
* * * LOW HITPOINT WARNING * * *
You hold your ground!
The thrashing horror misses you.
Unknown command.
The thrashing horror misses you. The thrashing horror tramples you.
* * * LOW HITPOINT WARNING * * *
You hold your ground!
Unknown command.
You completely miss the thrashing horror.
The thrashing horror is heavily damaged.
The thrashing horror barely misses you. The thrashing horror tramples you.
* * * LOW HITPOINT WARNING * * *
You hold your ground!
You puncture the thrashing horror! You burn the thrashing horror.
The thrashing horror is moderately damaged.
The thrashing horror tramples you.
* * * LOW HITPOINT WARNING * * *
You hold your ground!
You block the thrashing horror's attack.
You barely miss the thrashing horror.
The thrashing horror is heavily damaged.
The thrashing horror tramples you but does no damage.
The thrashing horror barely misses you.
You puncture the thrashing horror! You burn the thrashing horror.
The thrashing horror is heavily damaged.
The thrashing horror misses you.
The thrashing horror tramples you but does no damage.
The thrashing horror barely misses you.
The thrashing horror closely misses you.
You hit the thrashing horror.
The thrashing horror is heavily damaged.
The thrashing horror barely misses you. The thrashing horror tramples you.
* * * LOW HITPOINT WARNING * * *
You hold your ground!
The thrashing horror tramples you!
You die...

... #.. ## ..#
..# .. ... ##≈
#.. . #..#≈≈ ..
# ..#
##...####.#
.##.##......#..#
.##....
.......@##### .
. ..
..#.##.#X...# ..
... .#...# .#..#
.. ......
##.#.#.# #.#
.#...........#
..# .# # # #
.#.... ... . .
..
#.#.#.........#.
.. ..
##.#.........#
.# ..# #.#......
.# #


You could see a thrashing horror.

Vanquished Creatures
  Prince Ribbit (D:5)
  A hornet (D:7)
  2 water moccasins (D:7)
  2 black bears
  4 sky beasts
  2 orc warriors
  An ogre (D:5)
  3 centaurs
  2 kobold brigands
  3 elf zombies (Ossuary)
  A scorpion (D:5)
  3 bullfrogs
  A gnoll sergeant (D:7)
  A water moccasin zombie (D:7)
  A water moccasin skeleton (D:5)
  6 killer bees (D:8)
  A centaur zombie (Ossuary)
  2 human zombies (Ossuary)
  2 bullfrog zombies (D:5)
  2 gnoll shamans (D:7)
  6 jellies
  6 orc priests
  3 hounds
  2 bullfrog skeletons
  Jessica (D:2)
  An iguana (D:4)
  Terence (D:2)
  An orc wizard (D:4)
  2 killer bee zombies (D:7)
  A hound zombie (D:5)
  2 mummies (Ossuary)
  A howler monkey skeleton (D:7)
  12 gnolls
  5 adders
  4 white imps
  3 adder zombies (Ossuary)
  4 dart slugs
  32 orcs
  4 bats
  7 endoplasms
  2 giant cockroaches
  9 goblins
  6 hobgoblins
  4 jackals (D:4)
  9 kobolds
  3 quokkas
  4 ball pythons
  2 frilled lizards (D:3)
  A goblin zombie (Ossuary)
  10 hobgoblin zombies (Ossuary)
  11 kobold zombies (Ossuary)
  5 orc zombies (Ossuary)
  2 rats
  A rat zombie (Ossuary)
208 creatures vanquished.

Vanquished Creatures (collateral kills)
  An orc priest (D:4)
  3 orcs (D:4)
4 creatures vanquished.

Vanquished Creatures (others)
  A human (D:6)
1 creature vanquished.

Grand Total: 213 creatures vanquished

Notes
Turn   | Place    | Note
-------+----------+-------------------------------------------
     0 | D:1      | Banquo the Djinni Venom Mage began the quest for the Orb.
     0 | D:1      | Reached XP level 1. HP: 15/15 MP: 0/0
   261 | D:1      | Found a faded altar of an unknown god.
   372 | D:1      | Reached XP level 2. HP: 17/22 MP: 0/0
  1331 | D:2      | Noticed Jessica
  1339 | D:2      | Killed Jessica
  1340 | D:2      | Reached skill level 1 in Fighting
  1340 | D:2      | Reached skill level 3 in Spellcasting
  1340 | D:2      | Reached XP level 3. HP: 23/27 MP: 0/0
  1340 | D:2      | Learned a level 1 spell: Magic Dart
  1606 | D:2      | Noticed Terence
  1643 | D:2      | Killed Terence
  1644 | D:2      | Reached XP level 4. HP: 26/32 MP: 0/0
  2517 | D:3      | Found Agizageme's Assorted Antiques.
  2861 | D:3      | Reached XP level 5. HP: 16/37 MP: 0/0
  2861 | D:3      | Learned a level 2 spell: Passwall
  3196 | D:3      | Bought a scroll labelled VOUCAYXIAPH for 19 gold pieces
  3196 | D:3      | Bought a scroll labelled LEAMOOH HIOB for 19 gold pieces
  3196 | D:3      | Bought a scroll labelled ARARYU VEDE for 19 gold pieces
  3467 | D:3      | Found a bloodstained altar of Trog.
  3495 | D:3      | Found a stormy altar of Qazlal.
  3595 | D:3      | Found a snail-covered altar of Cheibriados.
  3600 | D:3      | Reached skill level 4 in Spellcasting
  3781 | D:3      | Bought a smoky white potion for 17 gold pieces
  3809 | D:4      | Noticed a kobold brigand
  3819 | D:4      | Killed a kobold brigand
  3820 | D:4      | Reached XP level 6. HP: 28/43 MP: 0/0
  4290 | D:4      | Noticed an orc warrior
  4660 | D:4      | Noticed a black bear
  4677 | D:4      | Killed a black bear
  4678 | D:4      | Reached skill level 5 in Spellcasting
  4678 | D:4      | Reached XP level 7. HP: 29/49 MP: 0/0
  4678 | D:4      | Learned a level 2 spell: Blink
  6109 | D:5      | Entered Level 5 of the Dungeon
  6250 | D:5      | Reached XP level 8. HP: 33/56 MP: 0/0
  6333 | D:5      | Identified the +8 hunting sling "Impbane" {flame, Fly
                  | Will+}
  6342 | D:5      | Found a sand-covered staircase.
  6378 | Ossuary  | Entered an ossuary
  6917 | Ossuary  | Reached skill level 6 in Spellcasting
  7947 | D:5      | Found a shadowy altar of Dithmenos.
  8010 | D:5      | Reached skill level 5 in Dodging
  8267 | D:5      | Noticed Prince Ribbit
  8300 | D:5      | Reached XP level 9. HP: 45/62 MP: 0/0
  8300 | D:5      | Learned a level 3 spell: Inner Flame
  8664 | D:5      | Killed Prince Ribbit
  8665 | D:5      | Reached skill level 7 in Spellcasting
 11378 | D:7      | Identified the +6 dagger "Earthworm" {flame, rPois Int+2
                  | Stlth+}
 11552 | D:7      | Reached skill level 8 in Spellcasting
 11557 | D:7      | Reached skill level 5 in Fighting
 11931 | D:7      | Found a blossoming altar of Fedhas.
 12019 | D:7      | Found a staircase to the Ecumenical Temple.
 12033 | Temple   | Entered the Ecumenical Temple
 12328 | D:7      | Noticed a hornet
 12332 | D:7      | Killed a hornet
 12333 | D:7      | Reached XP level 10. HP: 63/70 MP: 0/0
 12740 | D:7      | Reached skill level 1 in Shields
 13036 | D:8      | Found a runed translucent gate.
 13036 | D:8      | Found a runed translucent gate.
 13036 | D:8      | Found a runed translucent gate.
 13127 | D:8      | Found Meucuer's General Store.
 13146 | D:8      | Reached skill level 9 in Spellcasting
 13611 | D:8      | Noticed drbro's ghost (novice FoFi)
 14340 | D:9      | Noticed a wizard
 14611 | D:9      | Cast into level 2 of the Abyss (a wizard)
 14618 | Abyss:2  | Noticed a thrashing horror
 14619 | Abyss:2  | Noticed a thrashing horror
 14644 | Abyss:2  | HP: 2/72 [thrashing horror (4)]
 14644 | Abyss:2  | Mangled by a thrashing horror

Illustrated notes

Levels and vault maps discovered:
D:1:      mrwooster_arrival_arrow, layout_loops_corners,
          shapermc_ecumenical_altar_pompeii
D:2:      layout_basic, uniq_jessica, uniq_terence
D:3:      layout_rooms, mainiacjoe_overflow_paths, overflow_temple_1_default,
          general_overflow_altar, serial_shops, nicolae_square_shop
D:4:      layout_basic, corexii_corridor_pit, guppyfry_early_orc_mine
D:5:      layout_loops_cross, nicolae_dithmenos_through_a_glass_darkly,
          enter_ossuary_5, uniq_prince_ribbit1
D:6:      layout_layer_cave, tgw_kikubaaqudgha
D:7:      minmay_bubble_buster, layout_gridville, lemuel_doored_altar,
          minmay_temple_entry_arrows
D:8:      layout_layer_cave, gammafunk_ghost_icy, serial_shops,
          nicolae_diamond_shop, grunt_ministairs_8
D:9:      layout_basic, wad_floor_pattern_1, minmay_misc_feat_pillars
Temple:   eino_temple_rhombus
Abyss:2:  base:
D:6

Skill      XL: |  1  2  3  4  5  6  7  8  9 10 |
---------------+-------------------------------+-----
Fighting       | 1 2 3 4 5 |  5.7
Spellcasting   | 3 4 5 6 8 9 |  9.0
Dodging        | 3 4 5 7 |  7.6
Shields        | 1 |  1.6
Stealth        | |  1.5

Action                   |  1- 3 |  4- 6 |  7- 9 | 10-12 || total
-------------------------+-------+-------+-------+-------++-------
Melee: Whip              |       |     1 |     9 |       ||    10
       Dagger            |       |       |       |    15 ||    15
 Cast: Sting             |    12 |     1 |       |       ||    13
       Poisonous Vapours |    20 |    21 |    78 |    22 ||   141
       Magic Dart        |       |    98 |   363 |    20 ||   481
       Mephitic Cloud    |       |     9 |    22 |     5 ||    36
       Olgreb's Toxic Ra |       |     1 |     3 |     4 ||     8
  Use: Scroll            |       |     2 |     6 |     3 ||    11
       Potion            |       |       |       |     3 ||     3
 Stab: Confused          |       |       |       |     1 ||     1
       Sleeping          |       |       |       |     1 ||     1
Armor: Robe              |     3 |     7 |    39 |     8 ||    57
Dodge: Dodged            |     4 |    13 |   104 |    43 ||   164
Block: Buckler           |       |       |       |     7 ||     7
